[Event "Live Chess"]
[Site "Chess.com"]
[Date "2023.05.20"]
[Round "-"]
[White "martinsmartin63"]
[Black "JackCheetham1"]
[Result "0-1"]
[WhiteElo "760"]
[BlackElo "1692"]
[TimeControl "300"]
[EndTime "10:18:29 PDT"]
[Termination "JackCheetham1 won on time"]

1. e4 d6 2. Nf3 g6 3. d4 Bg7 4. e5 Nd7 5. exd6 cxd6 6. Bb5 Nf6 7. Nc3 O-O 8. Bd3 a6 9. O-O b5 10. Ne4 Bb7 11. Nxf6+ Nxf6 12. Be2 h6 13. Bd2 Qc7 14. Qc1 Kh7 15. Bxh6 Bxh6 16. Ng5+ Bxg5 17. Qxg5 Kg7 18. Bf3 Bxf3 19. gxf3 Rh8 20. Qg3 Qxc2 21. Rfc1 Qxb2 22.
Rab1 Qxd4 23. Rd1 Qe5 24. f4 Qf5 25. Re1 Ne4 26. Qe3 d5 27. Qd3 Rh3 28. Qd4+ f6 29.
Rxe4 Qxe4 30. Qxe4 dxe4 31. Kg2 Ra3 32. Rd1 Rxa2 33.
Rd7 Kf7 34. Rd4 f5 35. Kg3 Rb8 36. f3 e3 37. Rd1 e2 38. Re1 Rd8 39. h3 Rd1 0-1

[Event "Live Chess"]
[Site "Chess.com"]
[Date "2023.05.20"]
[Round "-"]
[White "CheckString"]
[Black "Delacorta"]
[Result "0-1"]
[WhiteElo "1276"]
[BlackElo "1395"]
[TimeControl "300"]
[EndTime "10:18:35 PDT"]
[Termination "Delacorta won by resignation"]

1. e4 e6 2. d4 d5 3. e5 c5 4. c3 Nc6 5. Nf3 Qb6 6. Bd3 Bd7 7. Be3 Qxb2 8. Nbd2 Qxc3 9. Bb5 Nxe5 10. Bxd7+ Nxd7 11. Ne5 0-1

[Event "Live Chess"]
[Site "Chess.com"]
[Date "2023.05.20"]
[Round "-"]
[White "alanmike75"]
[Black "AttackingSnowLeopard"]
[Result "0-1"]
[WhiteElo "1482"]
[BlackElo "2063"]
[TimeControl "300"]
[EndTime "10:18:48 PDT"]
[Termination "AttackingSnowLeopard won by resignation"]

1. e4 e5 2. Nf3 Nc6 3. d4 exd4 4. Bc4 Nf6 5. O-O Nxe4 6. Re1 d5 7. Bxd5 Qxd5 8. Nc3 Qh5 9. Nxe4 Be7 10. Ng3 Qg6 11.
Nxd4 Nxd4 12. Qxd4 Be6 13. Qa4+ c6 14. Qe4 O-O-O 15.
Qxg6 hxg6 16. Be3 Bf6 17. c3 b6 18. Ne4 Be5 19. g3 Bd5 20. f3 Bxe4 21. fxe4 Rd3 22.
Rad1 Rhd8 23. Rxd3 Rxd3 24. Kf2 f6 25. Ke2 Rd8 26.
Rd1 Rh8 27. Bg1 g5 28. Kf3 Rd8 29. Rxd8+ Kxd8 30. Bd4 Bd6 31. Kg4 c5 32. Be3 Ke7 33. h4 gxh4 34. gxh4 g6 35. h5 gxh5+ 36. Kxh5 Ke6 37.
Kg4 c4 38. Bd4 Be5 39. Kf3 Bxd4 40. cxd4 f5 41. e5 b5 42. Ke3 b4 43. Kd2 f4 44.
Ke2 c3 45. bxc3 bxc3 46. Kd3 f3 0-1

[Event "Live Chess"]
[Site "Chess.com"]
[Date "2023.05.20"]
[Round "-"]
[White "Bob2pen"]
[Black "kenn48"]
[Result "1-0"]
[WhiteElo "1786"]
[BlackElo "1323"]
[TimeControl "300"]
[EndTime "10:18:49 PDT"]
[Termination "Bob2pen won on time"]

1. c4 Nf6 2. g3 c6 3. Bg2 d6 4. Nc3 Nbd7 5. Nf3 e6 6. d4 Be7 7. O-O O-O 8. Rb1 Nb6 9. b3 Nbd7 10. Bb2 Re8 11. Re1 Nf8 12. e4 Ng6 13. Qc2 h5 14. Rbd1 Nh7 15. e5 d5 16. cxd5 cxd5 17. Nb5 a6 18. Nc7 Bd7 19. Nxa8 Qxa8 20. Rc1 h4 21. Qc7 Bc6 22. a4 hxg3 23. hxg3 Rc8 24. Qa5 Bd8 25. Qd2 f5 26. Bc3 Bd7 27. Ba5 Bxa5 28. Qxa5 Rxc1 29. Rxc1 Bc6 30. Qd2 Qf8 31. Ng5 Nxg5 32. Qxg5 Qf7 33. Bf3 1-0

[Event "Live Chess"]
[Site "Chess.com"]
[Date "2023.05.20"]
[Round "-"]
[White "lucaskk818"]
[Black "KGreenGator"]
[Result "1-0"]
[WhiteElo "1869"]
[BlackElo "1762"]
[TimeControl "300"]
[EndTime "10:18:50 PDT"]
[Termination "lucaskk818 won by checkmate"]

1. d4 Nf6 2. c4 e6 3. g3 d5 4. Bg2 c6 5. Nf3 dxc4 6. Qc2 b5 7. Ne5 Bb7 8. e3 Nd5 9. a4 a6 10. axb5 cxb5 11. b3 cxb3 12. Qxb3 Bb4+ 13. Bd2 Bxd2+ 14. Nxd2 O-O 15. O-O Nd7 16. Nxd7 Qxd7 17. Rfc1 Rfc8 18. Ne4 Rxc1+ 19. Rxc1 Rc8 20. Nc5 Qc6 21. Ra1 Qb6 22.
Qa3 h6 23. Nxb7 Qxb7 24. Qxa6 Qxa6 25. Rxa6 Rc1+ 26. Bf1 Nf6 27. Kg2 b4 28. Rb6 Rb1 29. Bd3 Rb2 30. Rb8+ Ne8 31. Rxe8# 1-0

[Event "Live Chess"]
[Site "Chess.com"]
[Date "2023.05.20"]
[Round "-"]
[White "booktrunk"]
[Black "Pablo_dmp"]
[Result "0-1"]
[WhiteElo "1359"]
[BlackElo "1871"]
[TimeControl "300"]
[EndTime "10:18:53 PDT"]
[Termination "Pablo_dmp won by checkmate"]

1. d4 Nf6 2. g3 d5 3. Bg2 c6 4. a3 Bf5 5. Nc3 Nbd7 6. Nf3 e6 7. Nh4 Bg6 8. Nxg6 hxg6 9. Qd3 Rc8 10. e4 c5 11. exd5 exd5 12. Nxd5 cxd4 13. Qxd4 Bc5 14. Nxf6+ Nxf6 15. Qxd8+ Rxd8 16. c3 O-O 17. O-O Rfe8 18. Bg5 Re2 19. Bxf6 gxf6 20. Rab1 Rdd2 21. b4 Bxf2+ 22. Kh1 f5 23. Bxb7 Bb6 24. Bg2 Rxg2 25. Rg1 Rxh2# 0-1

[Event "Live Chess"]
[Site "Chess.com"]
[Date "2023.05.20"]
[Round "-"]
[White "NAZRIZ1977"]
[Black "wadsy27"]
[Result "0-1"]
[WhiteElo "2119"]
[BlackElo "2590"]
[TimeControl "300"]
[EndTime "10:18:58 PDT"]
[Termination "wadsy27 won by resignation"]

1. c4 e5 2. g3 h5 3. h4 Nf6 4.
Bg2 Bc5 5. Nc3 d6 6. a3 a5 7. e3 Bg4 8. Nge2 Nc6 9. O-O Qe7 10. Nd5 Nxd5 11. cxd5 Nb8 12. Rb1 Nd7 13. b4 axb4 14.
axb4 Bb6 15. f3 Bf5 16. d3 g5 17. hxg5 Qxg5 18. d4 Bxb1 19. e4 Qg6 0-1

[Event "Live Chess"]
[Site "Chess.com"]
[Date "2023.05.20"]
[Round "-"]
[White "CheckThis4"]
[Black "PLZ909"]
[Result "1-0"]
[WhiteElo "2546"]
[BlackElo "1514"]
[TimeControl "300"]
[EndTime "10:19:02 PDT"]
[Termination "CheckThis4 won by resignation"]

1. d4 d5 2. Bg5 Bf5 3. e3 Nd7 4. c4 c6 5. Nc3 Ngf6 6. Nf3 h6 7.
Bxf6 Nxf6 8. cxd5 cxd5 9. Ne5 e6 10. Qa4+ Nd7 11. Bb5 1-0

[Event "Live Chess"]
[Site "Chess.com"]
[Date "2023.05.20"]
[Round "-"]
[White "f4nomore"]
[Black "LiamBellwood"]
[Result "0-1"]
[WhiteElo "1365"]
[BlackElo "2092"]
[TimeControl "300"]
[EndTime "10:19:03 PDT"]
[Termination "LiamBellwood won by resignation"]

1. d4 e6 2. Nf3 f5 3. Ne5 Nf6 4. e3 d6 5. Nd3 Be7 6. Be2 O-O 7. O-O Nc6 8. a3 e5 9. dxe5 dxe5 10.
Nc3 Be6 11. Bf3 e4 12. Nb4 Nxb4 13. axb4 exf3 14. Qxf3 Bxb4 15. Qxb7 Bxc3 16. bxc3 Bd5 17. Qb5 c6 18. Qb7 Ne4 19. Rxa7 Rxa7 20. Qxa7 Nxc3 21.
Bb2 Qg5 22. f3 Qxe3+ 23. Kh1 Qxa7 24. Bxc3 Re8 0-1

[Event "Live Chess"]
[Site "Chess.com"]
[Date "2023.05.20"]
[Round "-"]
[White "Ian-Morley"]
[Black "KeithArkell"]
[Result "0-1"]
[WhiteElo "1034"]
[BlackElo "2611"]
[TimeControl "300"]
[EndTime "10:19:08 PDT"]
[Termination "KeithArkell won by resignation"]

1. d4 e6 2. Bf4 Nf6 3. Nf3 c5 4.
e3 cxd4 5. exd4 b6 6. c3 Be7 7. Be2 O-O 8. Nbd2 Ba6 9. Bxa6 Nxa6 10. b4 Nc7 11. a3 b5 12. O-O Ncd5 13. Be5 Nxc3 14.
Qc2 Ncd5 15. Bxf6 Bxf6 16. Ne5 Rc8 17. Qd3 d6 18. Nef3 a6 19. Rfc1 Qd7 20. Ne4 h6 21.
Nxf6+ Nxf6 22. Qd2 Qb7 23. Rxc8 Rxc8 24. Rc1 Rc7 25. Rxc7 Qxc7 26. Ne1 Qc4 27. f3 Nd5 28.
Qd3 Qxd3 29. Nxd3 Nc3 30. Kf2 Nb1 31. Ke3 Nxa3 32. g4 Nc2+ 33. Kd2 Nxd4 34. f4 Kf8 35. h4 Ke7 36. g5 hxg5 37. fxg5 g6 38. Nf4 Nf3+ 0-1

[Event "Live Chess"]
[Site "Chess.com"]
[Date "2023.05.20"]
[Round "-"]
[White "ACx04"]
[Black "Davidagye"]
[Result "0-1"]
[WhiteElo "433"]
[BlackElo "1657"]
[TimeControl "300"]
[EndTime "10:19:16 PDT"]
[Termination "Davidagye won by checkmate"]

1. e4 Nf6 2. Nc3 d6 3. Nf3 Nbd7 4. Bc4 e5 5. Ng5 d5 6. exd5 Nb6 7. d6 Nxc4 8. d3 Nxd6 9. O-O Be7 10. Nf3 Bg4 11. h3 Bh5 12. g4 Nxg4 13. hxg4 Bxg4 14. Nxe5 Bxd1 15. Rxd1 O-O 16. Nd5 Bf6 17. Nxf6+ Qxf6 18. Nd7 Qg6+ 19. Kf1 Rfe8 20. Ne5 Rxe5 21. d4 Rf5 22.
Be3 Re8 23. Re1 Ne4 24. f3 Rxf3+ 25. Ke2 Rxe3+ 26. Kxe3 Ng3+ 27. Kf2 Ne4+ 28. Rxe4 Qxe4 29. Re1 Qxe1+ 30. Kf3 Re3+ 31. Kf4 Qf2+ 32. Kg4 Rg3+ 33. Kh5 Qh2# 0-1

[Event "Live Chess"]
[Site "Chess.com"]
[Date "2023.05.20"]
[Round "-"]
[White "OceanFloater"]
[Black "nigelst"]
[Result "0-1"]
[WhiteElo "986"]
[BlackElo "1842"]
[TimeControl "300"]
[EndTime "10:19:21 PDT"]
[Termination "nigelst won by checkmate"]

1. e4 c6 2. Nf3 d5 3. exd5 cxd5 4. d4 Nf6 5. Nc3 Nc6 6. Bb5 Bg4 7. h3 Bxf3 8. Qxf3 e6 9. O-O Be7 10. Bf4 O-O 11.
Bxc6 bxc6 12. Be5 Nd7 13. Qg3 Nxe5 14. Qxe5 Bf6 15. Qf4 Qb8 16. Qe3 Qxb2 17. Rac1 Qb6 18. Rfd1 c5 19. dxc5 Qa5 20. Ne2 Qxa2 21. c6 Qc4 22.
Nd4 Bxd4 23. Rxd4 Qxc6 24. c4 Rac8 25. c5 Qb5 26. Qa3 a5 27. Ra4 Qe2 28. c6 Qe5 29. Rxa5 Rc7 30. Ra8 g6 31. Rxf8+ Kg7 32. Ra8 Qf4 33.
Ra7 Rxa7 34. Qc3+ d4 35. c7 dxc3 36. c8=Q Qxc1+ 37. Kh2 Qf4+ 38. g3 Qxf2+ 39. Kh1 Ra1# 0-1

[Event "Live Chess"]
[Site "Chess.com"]
[Date "2023.05.20"]
[Round "-"]
[White "lHolyDiverl"]
[Black "FlyingChessKestrel13"]
[Result "0-1"]
[WhiteElo "562"]
[BlackElo "2121"]
[TimeControl "300"]
[EndTime "10:19:25 PDT"]
[Termination "FlyingChessKestrel13 won by resignation"]

1. d4 Nf6 2. Nc3 c5 3. Bf4 cxd4 4. Nb5 d6 5. Nf3 a6 6. Nbxd4 e5 7. Bg5 exd4 8.
Nxd4 Nc6 9. e3 Be7 10. Be2 O-O 11. Bxf6 Bxf6 12. Nf5 Bxf5 0-1

[Event "Live Chess"]
[Site "Chess.com"]
[Date "2023.05.20"]
[Round "-"]
[White "DenDenTie"]
[Black "Leonid_Starozhilov"]
[Result "0-1"]
[WhiteElo "1176"]
[BlackElo "2657"]
[TimeControl "300"]
[EndTime "10:19:28 PDT"]
[Termination "Leonid_Starozhilov won on time"]

1. e4 e5 2. Nf3 Nc6 3. Nc3 Nf6 4. Bb5 Nd4 5. Nxd4 exd4 6. Nd5 Nxd5 7. exd5 Qg5 8. Qf3 Bd6 9. d3 Qe7+ 10. Kd1 O-O 11. Re1 Qh4 12. h3 a6 13. Bc4 b5 14. Bb3 Bb7 15. Bd2 Rae8 16. Rb1 Rxe1+ 17. Kxe1 Re8+ 18.
Kd1 h6 19. g3 Qxh3 20. c3 a5 0-1

[Event "Live Chess"]
[Site "Chess.com"]
[Date "2023.05.20"]
[Round "-"]
[White "MaximKhimchenko"]
[Black "ms_lilley"]
[Result "0-1"]
[WhiteElo "1350"]
[BlackElo "581"]
[TimeControl "300"]
[EndTime "10:19:31 PDT"]
[Termination "ms_lilley won by resignation"]

1. e4 e6 2. Nf3 h6 3. d4 d5 4.
exd5 exd5 5. c4 c6 6. cxd5 cxd5 7.
Nc3 Nf6 8. Be2 Nc6 9. O-O Bd6 10.
Re1 O-O 11. Bd3 Qb6 12. Be3 Bg4 13. h3 Bxf3 14. Qxf3 Nxd4 15. Bxd4 Qxd4 16. Rad1 Qb4 17. Nxd5 Nxd5 18. Qxd5 Rae8 19. Rxe8 Rxe8 20. Bc4 Kh7 21. Qxf7 Re1+ 22. Rxe1 Qxe1+ 23. Bf1 Qe5 24. Bd3+ Kh8 25. Qg6 Kg8 26. Bc4+ Kh8 27. Qe6 Qxe6 28. Bxe6 Kh7 29. Bc8 b5 30. Bb7 a5 31. Ba6 b4 32. b3 Kg6 33.
Bd3+ Kf6 34. Kf1 Ke5 35. Ke2 h5 36. Ke3 h4 37. Bc4 Bc5+ 38. Kd3 Bxf2 39. Ke2 Bc5 40. Kf3 g5 41. Kg4 Be7 42. Bd3 Kd4 43. Bb5 Kc3 44.
Kf5 Kb2 45. Ke4 Kxa2 46. Kd3 Kxb3 47. Bc4+ Kb2 48. Bb3 Kc1 49. Bc2 0-1

[Event "Live Chess"]
[Site "Chess.com"]
[Date "2023.05.20"]
[Round "-"]
[White "Outspanner"]
[Black "viktorskliarov"]
[Result "0-1"]
[WhiteElo "1554"]
[BlackElo "2648"]
[TimeControl "300"]
[EndTime "10:19:35 PDT"]
[Termination "viktorskliarov won by resignation"]

1. Nf3 g6 2. g3 Bg7 3. Bg2 c5 4.
c4 Nc6 5. O-O Nf6 6. Nc3 O-O 7.
b3 d5 8. e3 dxc4 9. bxc4 Ne4 10.
Bb2 Nxc3 11. Bxc3 Bxc3 12. dxc3 Qxd1 13. Rfxd1 Be6 14. Rab1 Rab8 15. a3 h6 16. Rb5 b6 17.
Rbb1 Na5 18. Nd2 Rfd8 19. Bf1 Rd7 20. Nf3 Rbd8 21. Be2 Rxd1+ 22. Rxd1 Rxd1+ 23. Bxd1 Nxc4 24. Bb3 Nxa3 25. Bxe6 fxe6 26. Ne5 Kg7 27. Nc6 a5 28. Kf1 Nc4 29. Ke2 a4 30. Kd3 a3 31. Kxc4 a2 32. Kb5 a1=Q 33. Kxb6 Qxc3 0-1

[Event "Live Chess"]
[Site "Chess.com"]
[Date "2023.05.20"]
[Round "-"]
[White "VovaOvchar1990"]
[Black "whitedjohn"]
[Result "0-1"]
[WhiteElo "1189"]
[BlackElo "1657"]
[TimeControl "300"]
[EndTime "10:19:53 PDT"]
[Termination "whitedjohn won by checkmate"]

1. e4 Nf6 2. Nc3 d5 3. exd5 Nxd5 4. Nxd5 Qxd5 5. Nf3 Bg4 6. Be2 Nc6 7. O-O O-O-O 8. h3 Bh5 9. Nh2 Bxe2 10. Qxe2 e5 11. Ng4 f5 12. Ne3 Qe6 13. d3 Nd4 14. Qd1 Bc5 15.
Nc4 e4 16. Be3 exd3 17. cxd3 Rhf8 18. b3 f4 19. Bxd4 Bxd4 20. Rc1 f3 21. Re1 Qg6 22. g3 Qxg3+ 23. Kh1 Qg2# 0-1

[Event "Live Chess"]
[Site "Chess.com"]
[Date "2023.05.20"]
[Round "-"]
[White "bristolunichess"]
[Black "therealab0ne"]
[Result "1-0"]
[WhiteElo "1840"]
[BlackElo "676"]
[TimeControl "300"]
[EndTime "10:19:57 PDT"]
[Termination "bristolunichess won by resignation"]

1. e4 c5 2. d4 cxd4 3. c3 e5 4. cxd4 exd4 5. Qxd4 Nc6 6. Qe3 d6 7. Bc4 Nf6 8. h3 d5 9. exd5+ Be7 10. dxc6 bxc6 11.
Nf3 Kf8 1-0

[Event "Live Chess"]
[Site "Chess.com"]
[Date "2023.05.20"]
[Round "-"]
[White "TheSmoulderingMaster"]
[Black "OBrightwell100"]
[Result "1-0"]
[WhiteElo "1789"]
[BlackElo "1299"]
[TimeControl "300"]
[EndTime "10:20:00 PDT"]
[Termination "TheSmoulderingMaster won by checkmate"]

1. e4 e5 2. Nf3 Nc6 3. Bb5 a6 4. Ba4 b5 5. Bb3 Nf6 6. O-O Bc5 7. c3 O-O 8. d4 exd4 9. cxd4 Bb6 10. Bg5 d6 11.
Nc3 Bg4 12. Nd5 Bxf3 13. gxf3 Nxd4 14. Bxf6 gxf6 15. Kh1 Nxb3 16. axb3 Kh8 17. Qd2 Rg8 18. Qh6 Rg6 19. Qh4 Kg7 20. f4 c6 21. f5 cxd5 22. fxg6 fxg6 23. exd5 Qg8 24. Rad1 Rc8 25. Qe4 Re8 26.
Qf4 Re5 27. Rde1 Qxd5+ 28. f3 g5 29. Qg4 Kg6 30. h4 h5 31. Qg3 g4 32. Kh2 Qd2+ 33.
Kh1 Rxe1 34. Rxe1 Qxb2 35. fxg4 Bf2 36. gxh5+ Kxh5 37. Qf3+ Kh6 38. Qf4+ Kg7 39. Re7+ Kg6 40. Qg4+ Kh6 41. Qg7+ Kh5 42. Qh7+ Kg4 43. Re4+ Kh3 44. Qf5+ Kg3 45. Qg4# 1-0

[Event "Live Chess"]
[Site "Chess.com"]
[Date "2023.05.20"]
[Round "-"]
[White "alexlines8"]
[Black "PetorPrydatko"]
[Result "1-0"]
[WhiteElo "1270"]
[BlackElo "369"]
[TimeControl "300"]
[EndTime "10:20:04 PDT"]
[Termination "alexlines8 won by checkmate"]

1. e4 e5 2. Nc3 Nc6 3. Bc4 d5 4. Bxd5 Nb4 5. Bb3 Bg4 6. Qxg4 Qd7 7. Qxd7+ Kxd7 8. Bxf7 Nf6 9. Nf3 Ke7 10. Bd5 Rd8 11.
Bb3 Ke8 12. Nxe5 Bd6 13. Nf7 Rf8 14. Nxd8 Kxd8 15. d3 Re8 16. O-O g5 17. Bxg5 Re5 18.
Bxf6+ Re7 19. Be5 Rxe5 20. Nd5 c6 21. Nxb4 Rb5 22. c3 c5 23. Nd5 c4 24. dxc4 Rb6 25. Nxb6 axb6 26. Rfd1 b5 27. cxb5 b6 28. Rxd6+ Ke7 29.
Rxb6 Ke8 30. Rh6 Kd7 31. Rxh7+ Kd6 32. Rh5 Kd7 33. b6 Kd6 34. a4 Ke7 35. b7 Kd7 36. b8=Q Kc6 37. Rh6+ Kc5 38. Qb5# 1-0

[Event "Live Chess"]
[Site "Chess.com"]
[Date "2023.05.20"]
[Round "-"]
[White "daveeeeR"]
[Black "vinni3012"]
[Result "0-1"]
[WhiteElo "1271"]
[BlackElo "1866"]
[TimeControl "300"]
[EndTime "10:20:08 PDT"]
[Termination "vinni3012 won by resignation"]

1. d4 d5 2. Bf4 Nf6 3. Nf3 c5 4. e3 e6 5. c3 Nc6 6. Bb5 Qb6 7. Bxc6+ bxc6 8. Qc2 Ba6 9. Nbd2 Be7 10. Qb3 O-O 11. Qxb6 axb6 12. Bc7 Nd7 13. Ne5 Nxe5 14. dxe5 Ra7 15.
Bxb6 Rb7 16. Ba5 Rxb2 17. Bc7 Rc8 18. Bd6 Bxd6 19. exd6 Rd8 20. a3 Kf8 21. Rb1 Rdb8 22. f4 Rxb1+ 23. Nxb1 Rxb1+ 0-1

[Event "Live Chess"]
[Site "Chess.com"]
[Date "2023.05.20"]
[Round "-"]
[White "stevefairhurst"]
[Black "SavagePawn7"]
[Result "1-0"]
[WhiteElo "557"]
[BlackElo "763"]
[TimeControl "300"]
[EndTime "10:20:11 PDT"]
[Termination "stevefairhurst won by checkmate"]

1. e4 e5 2. Bd3 Bc5 3. f3 Nf6 4. Nh3 d5 5. Ng5 dxe4 6. Bc4 Nd5 7. fxe4 Qxg5 8. d4 Bxd4 9. Bxg5 Ne3 10. Qe2 Bxb2 11. Qxe3 Bxa1 12. Qc5 Nd7 13. Qe7# 1-0

[Event "Live Chess"]
[Site "Chess.com"]
[Date "2023.05.20"]
[Round "-"]
[White "Singapourfeuj"]
[Black "mattihelenius2"]
[Result "1-0"]
[WhiteElo "2248"]
[BlackElo "445"]
[TimeControl "300"]
[EndTime "10:20:16 PDT"]
[Termination "Singapourfeuj won by resignation"]

1. d4 e6 2. Nf3 f5 3. Nc3 Nf6 4. Bg5 Be7 5. Bxf6 Bxf6 6. e4 g6 7. exf5 gxf5 8. Ne5 Qe7 9. Qh5+ Kf8 10. O-O-O Bxe5 11.
dxe5 Nc6 12. f4 b6 13. g4 Rg8 14. gxf5 exf5 15. Bc4 Rg7 16. Qxf5+ Ke8 17. Nd5 Qe6 18. Nxc7+ Ke7 19. Nxe6 dxe6 20. Qf6+ Ke8 21. Bb5 1-0

[Event "Live Chess"]
[Site "Chess.com"]
[Date "2023.05.20"]
[Round "-"]
[White "Doge_Dandolo"]
[Black "Pandreq"]
[Result "1-0"]
[WhiteElo "2133"]
[BlackElo "1259"]
[TimeControl "300"]
[EndTime "10:20:20 PDT"]
[Termination "Doge_Dandolo won on time"]

1. Nf3 Nf6 2. c4 g6 3. Nc3 Bg7 4.
e4 d6 5. d4 O-O 6. Be2 Nc6 7. d5 Nb4 8. O-O Na6 9. h3 Nc5 10.
Qc2 Bd7 11. b4 Na6 12. Rb1 Qc8 13. Qd3 Bxh3 14. gxh3 Qxh3 15. Ne1 Qd7 16. Bd2 c6 17. Ng2 cxd5 18. Nxd5 Nxd5 19. cxd5 Rac8 20. Rfc1 Rc7 21. Rxc7 Qxc7 22. Rc1 Qd7 23. Qc2 b5 24. Qc6 Qxc6 25. Rxc6 Nb8 26. Rc7 a6 27. Ne1 e6 28. dxe6 fxe6 29. Bg4 Re8 30. Nd3 h5 31. Bh3 d5 32.
exd5 exd5 33. Bg2 Re2 34. Bxd5+ Kh8 35. Bf4 Rxa2 36. Rc8+ Kh7 37. Bg8+ Kh8 38. Bxa2+ 1-0

[Event "Live Chess"]
[Site "Chess.com"]
[Date "2023.05.20"]
[Round "-"]
[White "HoarseyHorsey"]
[Black "flyingpuffins"]
[Result "0-1"]
[WhiteElo "1386"]
[BlackElo "1963"]
[TimeControl "300"]
[EndTime "10:20:20 PDT"]
[Termination "flyingpuffins won by resignation"]

1. d4 d5 2. c4 c6 3. cxd5 cxd5 4. Bf4 Nf6 5. e3 Nc6 6. Nf3 Bg4 7. Nc3 a6 8. Bd3 e6 9. h3 Bh5 10. a3 Bd6 11. Bxd6 Qxd6 12. g4 Bg6 13. Bxg6 hxg6 14. Qd3 Na5 15. Ne5 Nd7 16. f4 Nxe5 17. dxe5 Qb6 18. Rb1 Nc4 19. b4 Qxe3+ 20. Qxe3 Nxe3 21. Ke2 Nc4 22. Rb3 Ke7 23. Na4 Rh4 24. Kf2 b6 25.
Kg3 Rah8 26. Nb2 Nd2 27. Rc3 Ne4+ 0-1

[Event "Live Chess"]
[Site "Chess.com"]
[Date "2023.05.20"]
[Round "-"]
[White "JoshMcK"]
[Black "Hacker_2009"]
[Result "0-1"]
[WhiteElo "1541"]
[BlackElo "1915"]
[TimeControl "300"]
[EndTime "10:20:29 PDT"]
[Termination "Hacker_2009 won by resignation"]

1. e4 c5 2. c3 d6 3. d4 cxd4 4. cxd4 Nf6 5. Nc3 e6 6. Nf3 Be7 7. Bb5+ Bd7 8. Bxd7+ Qxd7 9. O-O O-O 10. e5 dxe5 11. dxe5 Nd5 12. Nxd5 exd5 13. Bd2 Nc6 14. Bc3 Rfd8 15. Nd4 Nxe5 16. Re1 Bf6 17. Rxe5 Bxe5 18. Qf3 Re8 19. g3 Bf6 20. Rd1 Qa4 21.
Qxd5 Qxd1+ 0-1

[Event "Live Chess"]
[Site "Chess.com"]
[Date "2023.05.20"]
[Round "-"]
[White "Ferrarifan27"]
[Black "Kr1xot4_XGOD"]
[Result "0-1"]
[WhiteElo "2092"]
[BlackElo "2189"]
[TimeControl "300"]
[EndTime "10:20:30 PDT"]
[Termination "Kr1xot4_XGOD won by checkmate"]

1. e4 c5 2. Nf3 e6 3. d4 cxd4 4. Nxd4 Nf6 5. Nc3 Nc6 6. Be3 Bb4 7. Bd3 e5 8. Nf5 g6 9. Ng7+ Kf8 10. Bh6 Kg8 11. O-O Bf8 12. Nf5 gxf5 13. Bxf8 Kxf8 14. exf5 d5 15. Qd2 h5 16. Qg5 h4 17. h3 Rh5 18.
Qd2 d4 19. Nb5 Bxf5 20. Bxf5 Rxf5 21. Qh6+ Ke7 22. Qxh4 a6 23. Na3 Qd5 24. Rfe1 Rh5 25. Qg3 Rg8 26. Qh2 Ng4 27. Qg3 Nf6 28. Qh2 Ng4 29.
Qg3 Rhg5 30. c4 dxc3 31. Rad1 Nd4 32. hxg4 Ne2+ 33. Kh2 Rh8+ 34. Qh3 Rxh3+ 35. gxh3 Qe4 36.
bxc3 Rxg4 37. hxg4 Qf4+ 38. Kg2 Qxg4+ 39. Kf1 Qf3 40.
Rxe2 Qh1# 0-1

[Event "Live Chess"]
[Site "Chess.com"]
[Date "2023.05.20"]
[Round "-"]
[White "Ra2orLeaf"]
[Black "BearFromUkraine"]
[Result "1-0"]
[WhiteElo "1142"]
[BlackElo "1092"]
[TimeControl "300"]
[EndTime "10:20:33 PDT"]
[Termination "Ra2orLeaf won on time"]

1. c4 e5 2. Nc3 Nf6 3. e3 Be7 4. Nf3 Nc6 5. d4 exd4 6. exd4 Bb4 7. Bd2 O-O 8. Bd3 Re8+ 9. Ne2 Bxd2+ 10. Qxd2 Qe7 11.
O-O d6 12. d5 Ne5 13. Nxe5 Qxe5 14. Rfe1 Bd7 15. Nf4 Qg5 16. g3 Nh5 17. Kh1 Nxf4 18. Qxf4 Qxf4 19. gxf4 Rxe1+ 20. Rxe1 Re8 21. Rxe8+ Bxe8 22. Kg2 g6 23. b3 Kg7 24. Kg3 Kf6 25. Kg4 c6 26. h4 cxd5 27. cxd5 Bd7+ 28. Kf3 Bf5 29.
Bxf5 Kxf5 30. a4 h5 31. b4 f6 32. b5 b6 33. Ke3 Kg4 34. Ke4 Kxh4 35. f3 Kg3 36. f5 gxf5+ 37. Kxf5 h4 38. Ke6 h3 39. Kxd6 h2 40. Kc7 h1=Q 41. d6 Qxf3 42. d7 Qc3+ 43. Kd8 Qd4 44. Ke8 Qe5+ 45. Kd8 Qd6 46. Kc8 Qc5+ 47.
Kb7 Qd5+ 48. Kc8 f5 49. d8=Q Qxd8+ 50. Kxd8 f4 51. Kc7 f3 52. Kb7 f2 53. Kxa7 f1=Q 54.
Kxb6 Qf6+ 55. Ka5 Qe5 56. Ka6 Qd6+ 57. b6 Qd3+ 58. Ka7 Qa3 59. b7 Qxa4+ 60. Kb8 Qb5 61. Ka8 Qa6+ 62. Kb8 Kf4 63. Kc8 Qc6+ 64. Kb8 Ke5 65. Ka8 Qa6+ 66. Kb8 Qb6 67. Ka8 Qa6+ 68. Kb8 Kd6 69. Kc8 Qc6+ 70. Kb8 Qb6 71. Kc8 1-0

[Event "Live Chess"]
[Site "Chess.com"]
[Date "2023.05.20"]
[Round "-"]
[White "matt1979"]
[Black "JanMur7"]
[Result "0-1"]
[WhiteElo "1484"]
[BlackElo "1982"]
[TimeControl "300"]
[EndTime "10:20:41 PDT"]
[Termination "JanMur7 won by resignation"]

1. f4 e5 2. fxe5 d6 3. exd6 Bxd6 4. Nf3 g5 5. g3 Nc6 6. e4 h5 7. Bb5 h4 8. Bxc6+ bxc6 9. Rg1 hxg3 10. hxg3 Bg4 11. d4 Qf6 12. Nbd2 Bxg3+ 13. Rxg3 Rh1+ 14.
Kf2 Rxd1 15. Rxg4 Nh6 16. Rxg5 Kd7 17. Ke2 Rh1 18. Nf1 Rxf1 19. Kxf1 Qxf3+ 0-1

[Event "Live Chess"]
[Site "Chess.com"]
[Date "2023.05.20"]
[Round "-"]
[White "Horseymobile"]
[Black "profpirate4"]
[Result "0-1"]
[WhiteElo "1218"]
[BlackElo "1017"]
[TimeControl "300"]
[EndTime "10:20:44 PDT"]
[Termination "profpirate4 won by resignation"]

1. d4 f5 2. c4 e6 3. Nc3 Nf6 4.
Bg5 Be7 5. Nf3 O-O 6. e3 Ne4 7. Bxe7 Qxe7 8. Bd3 Nxc3 9. bxc3 d6 10. O-O Nd7 11.
e4 fxe4 12. Bxe4 Nf6 13. Re1 c6 14. Qc2 d5 15. cxd5 cxd5 16. Bf5 Qe8 17. Bh3 Ne4 18. Ne5 Bd7 19. f3 Ng5 20. Bg4 Bc8 21. Qf2 Rf4 22.
Qg3 Qf8 23. h4 Nf7 24. Nd3 Rf6 25. Re2 Nh6 26. Bh3 Rg6 27. Qd6 Qxd6 0-1

[Event "Live Chess"]
[Site "Chess.com"]
[Date "2023.05.20"]
[Round "-"]
[White "jennybobby44"]
[Black "ReeceHockton"]
[Result "1-0"]
[WhiteElo "1841"]
[BlackElo "331"]
[TimeControl "300"]
[EndTime "10:20:46 PDT"]
[Termination "jennybobby44 won by resignation"]

1. Nf3 e6 2. d4 b5 3. e4 Nc6 4. Bxb5 d5 5. e5 Qd6 6. exd6 cxd6 7. Bxc6+ Kd8 8. Bxa8 Ne7 9. c4 dxc4 10. O-O Ba6 11.
Re1 Nf5 12. Qa4 Nxd4 13. Qxa6 1-0

[Event "Live Chess"]
[Site "Chess.com"]
[Date "2023.05.20"]
[Round "-"]
[White "TDCMF"]
[Black "Greenbecker"]
[Result "0-1"]
[WhiteElo "340"]
[BlackElo "1667"]
[TimeControl "300"]
[EndTime "10:20:48 PDT"]
[Termination "Greenbecker won on time"]

1. e4 e6 2. d4 d5 3. e5 c5 4. Nf3 cxd4 5. Nxd4 Nc6 6. Be3 Nxe5 7. Bb5+ Bd7 8. O-O Bxb5 9. Nxb5 a6 10. Nd4 Nf6 11. Nc3 Bd6 12. Bf4 Ng6 13. Bxd6 Qxd6 14. h3 O-O 15.
Qe2 Rac8 16. Rfe1 Rfe8 17. a3 Nf4 18. Qe3 Ng6 19. b4 Qf4 20. Qxf4 Nxf4 21. Nce2 Nxe2+ 22. Rxe2 Rc3 23. b5 a5 24. b6 Rec8 25. Rb1 Rxa3 26.
Nb5 Ra2 27. Nd6 Rb8 28. Nxb7 Rxb7 29. Re3 Rxc2 30. Reb3 h6 31. Rb5 Rc6 32. Rxa5 Rcxb6 33. Ra8+ Kh7 34. Rc8 Rxb1+ 35. Rc1 Rxc1+ 36. Kh2 Rbb1 37. Kg3 d4 38. Kf3 d3 39. Ke3 Rd1 40. f3 Nd5+ 41.
Kd4 d2 42. g4 Re1 43. f4 d1=R+ 44. Kc5 Rbc1+ 45. Kd6 Nb6+ 46. Ke7 Rd7+ 0-1